[Event "Titled Tuesday Blitz June 27 Early 2023"]
[White "Rom, Jasper"]
[Black "Ibadov, Dashgyn"]
[WhiteFideId "2023733"]
[BlackFideId "24107514"]
[WhiteElo "2435"]
[BlackElo "2590"]
[Result "0-1"]
[Round "10"]
[TimeControl "180+2"]
[Date "2023.06.27"]
[WhiteClock "0:00:00"]
[BlackClock "0:00:45"]
[Board "74"]

1. e4 e5 2. Nf3 Nc6 3. Bb5 a6 4. Bxc6 dxc6 5. O-O Bd6 6. d4 exd4 7. Qxd4 f6 8. Re1 Ne7 9. Nbd2 Be6 10. Nc4 Bxh2+ 11. Kxh2 Qxd4 12. Nxd4 Bxc4 13. b3 O-O-O 14. Be3 Bf7 15. Rad1 c5 16. Ne2 b6 17. Nc3 Rxd1 18. Rxd1 Rd8 19. Re1 Nc6 20. Ne2 Nd4 21. Nxd4 cxd4 22. Bf4 c5 23. f3 Kb7 24. e5 Re8 25. Bg3 f5 26. f4 Kc6 27. Kg1 Bd5 28. Kf2 Be4 29. Rc1 b5 30. c3 dxc3 31. Rxc3 Rd8 32. Re3 c4 33. bxc4 bxc4 34. Bh4 Rb8 35. g4 Rb2+ 36. Ke1 g6 37. gxf5 gxf5 38. e6 Rxa2 39. e7 Kd7 40. Rg3 Rg2 41. Ra3 Bb7 42. Rc3 Rg4 43. Bg5 h6 44. Bxh6 Kxe7 45. Rxc4 Kd6 46. Rb4 Be4 47. Kd2 Rg2+ 48. Kc3 Kc6 49. Kd4 a5 50. Rc4+ Kb5 51. Rc5+ Kb4 52. Bf8 Rd2+ 53. Ke3 Rd3+ 54. Ke2 Ka4 55. Re5 Rd8 56. Be7 Rd7 57. Ke3 Kb3 0-1


[Site "https://www.chess.com"]

[Event "Titled Tuesday Blitz June 27 Early 2023"]
[White "Ovchinnikov, Vsevolod"]
[Black "Ai, Evan"]
[WhiteFideId "24176842"]
[BlackFideId "2094770"]
[WhiteElo "2584"]
[BlackElo "2433"]
[Result "0-1"]
[Round "10"]
[TimeControl "180+2"]
[Date "2023.06.27"]
[WhiteClock "0:00:02"]
[BlackClock "0:00:05"]
[Board "75"]

1. d4 Nf6 2. c4 e6 3. g3 d5 4. Bg2 dxc4 5. Nf3 c5 6. O-O Nbd7 7. Qa4 Be7 8. dxc5 Bxc5 9. Qxc4 O-O 10. Nc3 Qe7 11. Rd1 a6 12. Qh4 b5 13. Ng5 Ra7 14. Nce4 h6 15. Nh3 Nxe4 16. Qxe7 Bxe7 17. Bxe4 Nf6 18. Bg2 Bb7 19. Be3 Bxg2 20. Kxg2 Rb7 21. Rac1 Nd5 22. Bd4 Rd7 23. Nf4 Rfd8 24. Nd3 Nb4 25. Bb6 Nxa2 26. Ra1 Rb8 27. Be3 Nb4 28. Ne5 Rxd1 29. Rxd1 Nd5 30. Bd2 Rc8 31. Nd3 b4 32. Ra1 Rc2 33. Rd1 a5 34. e4 Nb6 35. Kf3 Nc4 36. Be1 Nxb2 37. Nxb2 Rxb2 38. Rd7 Bf6 39. Ra7 Ra2 40. Bxb4 Bd4 41. Ra8+ Kh7 42. Rxa5 Rxf2+ 43. Kg4 Rxh2 44. Ra7 Kg6 45. Rd7 Be5 46. Kf3 Rh3 47. Be1 h5 48. Kg2 Rxg3+ 49. Bxg3 Bf6 50. e5 Bg5 51. Bh2 f6 52. exf6 gxf6 53. Ra7 e5 54. Ra6 Kf5 55. Ra5 Kg4 56. Rb5 e4 57. Rb4 f5 58. Ra4 h4 59. Ra8 h3+ 60. Kf1 f4 61. Rg8 f3 62. Kf2 e3+ 63. Ke1 Kf5 64. Rh8 Kg4 65. Rg8 Kf5 66. Rh8 Bf6 67. Rxh3 Bc3+ 68. Kd1 e2+ 69. Kc2 e1=Q 70. Rxf3+ Ke4 71. Rxc3 Qe2+ 72. Kb3 Qxh2 73. Rc4+ Kd5 74. Rc3 Qb8+ 75. Kc2 Qb4 76. Rd3+ Ke4 77. Rc3 Kd4 78. Rd3+ Kc4 79. Re3 Qa4+ 80. Kb2 Qb5+ 81. Kc2 Qf5+ 82. Kd2 Qf2+ 83. Re2 Qf3 84. Re3 Qg2+ 85. Re2 Qg3 86. Re3 Qf4 87. Ke2 Kd4 88. Rd3+ Ke4 89. Rc3 Qh2+ 90. Kd1 Qf2 91. Rb3 Kd4 92. Kc1 Kc4 93. Ra3 Kb4 94. Rd3 Qe2 95. Rd2 Qe3 96. Kc2 Qb3+ 97. Kc1 Qa3+ 98. Kb1 Kc4 99. Rb2 Kc3 100. Rc2+ Kd3 101. Rd2+ Ke3 102. Rb2 Qa4 103. Rc2 Kd3 104. Rb2 Kc3 105. Rb8 Qe4+ 106. Ka1 Qh1+ 107. Ka2 Qh2+ 0-1


[Site "https://www.chess.com"]

[Event "Titled Tuesday Blitz June 27 Early 2023"]
[White "Kopczynski, Michal"]
[Black "Yurovskykh, Oleksandr"]
[WhiteFideId "1124200"]
[BlackFideId "14134020"]
[WhiteElo "2428"]
[BlackElo "2579"]
[Result "0-1"]
[Round "10"]
[TimeControl "180+2"]
[Date "2023.06.27"]
[WhiteClock "0:00:21"]
[BlackClock "0:00:20"]
[Board "76"]

1. e4 d5 2. e5 c5 3. f4 Nc6 4. Nf3 Bg4 5. Be2 e6 6. c3 Nh6 7. O-O Be7 8. Na3 O-O 9. Nc2 Rc8 10. h3 Bxf3 11. Bxf3 Nf5 12. Qe1 Bh4 13. Qd1 Bg3 14. Ne3 Bxf4 15. Nxf5 exf5 16. d4 Bxc1 17. Rxc1 cxd4 18. cxd4 Qb6 19. Bxd5 Nxd4 20. Kh1 Rxc1 21. Qxc1 Ne2 22. Qe1 Qe3 23. Bf3 Qxe5 24. Qxe2 Qxe2 25. Bxe2 g6 26. Bf3 Rd8 27. Rd1 Rxd1+ 28. Bxd1 Kg7 29. Kg1 Kf6 30. Kf2 Ke5 31. Ke3 h5 32. Bb3 Kf6 33. Kd4 h4 34. Bd5 b6 35. Bc4 g5 36. Kd5 g4 37. Kc6 f4 38. Be2 f3 39. Bf1 Kg5 40. hxg4 fxg2 41. Bxg2 Kxg4 42. Kb7 f5 43. Kxa7 f4 44. Kxb6 f3 45. Bf1 h3 46. Bxh3+ Kxh3 47. a4 f2 48. b4 f1=Q 49. b5 Qf6+ 50. Kb7 Qe7+ 51. Kb6 Qd6+ 52. Kb7 Qe7+ 53. Kb6 Qe6+ 54. Kc5 Qc8+ 55. Kb6 Qb8+ 56. Kc6 Qa8+ 57. Kc7 Qxa4 58. b6 Qc4+ 59. Kb7 Kg4 60. Ka7 Qa4+ 61. Kb8 Kf5 62. b7 Ke6 63. Kc7 Qd7+ 64. Kb6 Qd6+ 65. Ka7 Qc7 66. Ka8 Qa5+ 67. Kb8 Kd6 68. Kc8 Qc7# 0-1


[Site "https://www.chess.com"]

[Event "Titled Tuesday Blitz June 27 Early 2023"]
[White "Dinu, Dumitru-Daniel"]
[Black "Janaszak, Dawid"]
[WhiteFideId "1208403"]
[BlackFideId "1119206"]
[WhiteElo "2425"]
[BlackElo "2573"]
[Result "0-1"]
[Round "10"]
[TimeControl "180+2"]
[Date "2023.06.27"]
[WhiteClock "0:00:03"]
[BlackClock "0:00:24"]
[Board "77"]

1. e4 c5 2. Nf3 Nc6 3. b3 e5 4. Bb2 d6 5. Bb5 Nf6 6. Bxc6+ bxc6 7. d3 Be7 8. O-O O-O 9. Nbd2 Qc7 10. h3 Nd7 11. Nh2 Re8 12. f4 exf4 13. Rxf4 Nf8 14. Qf3 Be6 15. Qg3 Ng6 16. Rff1 Bh4 17. Qe3 h6 18. Ndf3 Be7 19. Rf2 Bf8 20. Raf1 a5 21. a4 c4 22. bxc4 d5 23. Nd2 dxc4 24. d4 c5 25. Nhf3 Rad8 26. Kh1 Qb6 27. Bc3 Qc6 28. Bxa5 Ra8 29. Bc3 Qxa4 30. Nb1 Bd5 31. e5 Qc6 32. Nbd2 Ra2 33. Rc1 Ra3 34. Nb1 Ra2 35. Nbd2 Qa8 36. Nf1 Qa3 37. Re1 Qa8 38. dxc5 Ra3 39. Qd2 Bxc5 40. Bd4 c3 41. Qd3 Bf8 42. Be3 Be4 43. Qd1 Rd8 44. Qe2 Ra2 45. Rc1 Ba3 46. Rb1 Rxc2 47. Qb5 Rxf2 48. Bxf2 Bxb1 49. Qxb1 Qc6 50. Qc2 Nf4 51. Kg1 Nxh3+ 52. gxh3 Qxf3 53. Ne3 Rd2 54. Qxc3 Qxf2+ 55. Kh1 Qh2# 0-1


[Site "https://www.chess.com"]

[Event "Titled Tuesday Blitz June 27 Early 2023"]
[White "Ambartsumova, Karina"]
[Black "arenal72"]
[WhiteFideId "4166299"]
[WhiteElo "2566"]
[BlackElo "2379"]
[Result "0-1"]
[Round "10"]
[TimeControl "180+2"]
[Date "2023.06.27"]
[WhiteClock "0:00:00"]
[BlackClock "0:00:37"]
[Board "78"]

1. e4 c5 2. Nf3 e6 3. d4 cxd4 4. Nxd4 Qb6 5. Nc3 Bc5 6. Be3 Nc6 7. Na4 Qa5+ 8. c3 Bxd4 9. Bxd4 Nxd4 10. b4 Nf3+ 11. gxf3 Qe5 12. Qd4 f6 13. Rg1 g6 14. Rd1 Nh6 15. Nc5 b6 16. Nd3 Qxh2 17. Rg3 Nf7 18. Qxf6 Qh5 19. Be2 Qh1+ 20. Kd2 Qh6+ 21. f4 O-O 22. Bf3 Qg7 23. Qxg7+ Kxg7 24. e5 Rb8 25. Rh1 d5 26. Rgh3 Rh8 27. Ke3 Ba6 28. Nb2 Rbc8 29. Kd4 Nd8 30. Bd1 Nc6+ 31. Ke3 Ne7 32. Kd2 h5 33. Bc2 Kf7 34. Rg1 Nf5 35. Nd1 Rc4 36. Ne3 Rxf4 37. Bxf5 Rxf2+ 38. Ke1 Re2+ 39. Kd1 exf5 40. c4 Rxa2 41. cxd5 Ra1+ 42. Kd2 Rxg1 43. e6+ Kf6 44. Kc3 Rd8 0-1


[Site "https://www.chess.com"]

[Event "Titled Tuesday Blitz June 27 Early 2023"]
[White "Hoffmann, Asa"]
[Black "Gontcharov, Vladislav"]
[WhiteFideId "2001470"]
[BlackFideId "4123492"]
[WhiteElo "2415"]
[BlackElo "2566"]
[Result "1-0"]
[Round "10"]
[TimeControl "180+2"]
[Date "2023.06.27"]
[WhiteClock "0:00:36"]
[BlackClock "0:00:01"]
[Board "79"]

1. d4 Nf6 2. Bg5 e6 3. Nd2 d5 4. e3 c5 5. c3 Nbd7 6. f4 Rb8 7. Bd3 b5 8. Ngf3 b4 9. O-O Qb6 10. Ne5 Be7 11. Qf3 h6 12. Qh3 Ba6 13. Bxa6 Qxa6 14. f5 Nxe5 15. dxe5 Nd7 16. f6 gxf6 17. exf6 Bf8 18. Nf3 bxc3 19. bxc3 Rg8 20. Bh4 Rb2 21. Bf2 Nxf6 22. Rab1 Qb7 23. Rxb2 Qxb2 24. Qh4 Ne4 25. Ne5 Bd6 26. Qh5 Bxe5 27. Qxe5 Kd7 28. Qf4 f5 29. c4 dxc4 30. Qxh6 Qf6 31. Rd1+ Kc6 32. Qf4 e5 33. Qf3 c3 34. g3 Qe6 35. Qe2 c4 36. Be1 Kc5 37. Rc1 Rb8 38. Bxc3 Rb5 39. a3 Rb3 40. Bb4+ Kb5 41. Qd1 Qc6 42. Qd8 Ka4 43. Qa5# 1-0


[Site "https://www.chess.com"]

[Event "Titled Tuesday Blitz June 27 Early 2023"]
[White "Mikhaylova, Irina"]
[Black "Golubev, Mikhail"]
[WhiteFideId "4109040"]
[BlackFideId "14100983"]
[WhiteElo "2330"]
[BlackElo "2544"]
[Result "1/2-1/2"]
[Round "10"]
[TimeControl "180+2"]
[Date "2023.06.27"]
[WhiteClock "0:00:53"]
[BlackClock "0:00:17"]
[Board "80"]

1. d4 Nf6 2. Nf3 d6 3. c4 g6 4. Nc3 Bg7 5. e4 O-O 6. Be2 e5 7. dxe5 dxe5 8. Qxd8 Rxd8 9. Bg5 c6 10. Nxe5 Re8 11. O-O-O Na6 12. Rd6 Be6 13. f3 h6 14. Bh4 g5 15. Bg3 Nh5 16. Nd7 Nxg3 17. hxg3 Bxd7 18. Rxd7 Nc5 19. Rdd1 Rad8 20. Rxd8 Rxd8 21. Rd1 Rxd1+ 22. Nxd1 Be5 23. g4 Ne6 24. Bf1 Kg7 25. Kc2 Bd4 26. b4 Kf6 27. c5 a5 28. a3 axb4 29. axb4 Ke5 30. Bc4 b6 31. Bxe6 fxe6 32. cxb6 Bxb6 33. Kd3 Kf4 34. Nc3 Kg3 35. b5 cxb5 36. Nxb5 Kxg2 37. Ke2 Kg3 38. Nd6 Bc5 39. Nf7 Bf8 40. Nd8 e5 41. Nf7 Bg7 42. Nd6 Bf8 43. Nf5+ Kf4 44. Kf2 Bc5+ 45. Kg2 Bf8 46. Kf2 Bc5+ 47. Ke2 Bf8 48. Kf2 1/2-1/2


[Site "https://www.chess.com"]

[Event "Titled Tuesday Blitz June 27 Early 2023"]
[White "Belov, Alexei"]
[Black "EdmundPlayer"]
[WhiteFideId "4128206"]
[WhiteElo "2542"]
[BlackElo "2314"]
[Result "1-0"]
[Round "10"]
[TimeControl "180+2"]
[Date "2023.06.27"]
[WhiteClock "0:01:30"]
[BlackClock "0:00:05"]
[Board "81"]

1. e4 e5 2. Nf3 Nc6 3. Bb5 a6 4. Ba4 Nf6 5. d4 b5 6. Bb3 exd4 7. e5 Ne4 8. Bd5 Nc5 9. Nxd4 Bb7 10. Qf3 Nxe5 11. Qe2 Bxd5 12. Qxe5+ Be6 13. O-O Be7 14. Qxg7 Bf6 15. Nxe6 Bxg7 16. Nxd8 Kxd8 17. Bg5+ Kc8 18. c3 d6 19. Nd2 Kd7 20. Nb3 Ne4 21. Be3 Rhe8 22. Rfe1 c5 23. Rad1 Kc6 24. Bf4 a5 25. f3 Nf6 26. Rxd6+ Kb7 27. Nxc5+ Ka7 28. Ra6# 1-0


[Site "https://www.chess.com"]

[Event "Titled Tuesday Blitz June 27 Early 2023"]
[White "Eidelman, Gabriel"]
[Black "Zhu, Jiner"]
[WhiteFideId "30910544"]
[BlackFideId "8608059"]
[WhiteElo "2441"]
[BlackElo "2682"]
[Result "0-1"]
[Round "10"]
[TimeControl "180+2"]
[Date "2023.06.27"]
[WhiteClock "0:00:02"]
[BlackClock "0:00:54"]
[Board "82"]

1. Nf3 h6 2. e4 a6 3. d4 g6 4. Nc3 Bg7 5. Bc4 e6 6. a4 Ne7 7. O-O b6 8. Be3 Bb7 9. Qd2 d5 10. exd5 exd5 11. Bd3 Nbc6 12. Rfe1 g5 13. Ne2 Qd7 14. Ng3 f5 15. Nh5 O-O 16. Bxg5 hxg5 17. Qxg5 Rf7 18. Ne5 Nxe5 19. Rxe5 Raf8 20. Rae1 Nc6 21. Re6 Nxd4 22. Rg6 c5 23. Nf4 Re8 24. Re3 Rxe3 25. fxe3 Nc6 26. Nh5 Ne5 27. Rxg7+ Rxg7 28. Nf6+ Kf7 29. Nxd7 Rxg5 30. Nxe5+ Ke6 31. Nf3 Rg4 32. b3 d4 33. exd4 Bxf3 0-1


[Site "https://www.chess.com"]

[Event "Titled Tuesday Blitz June 27 Early 2023"]
[White "Ashraf, Artin"]
[Black "Begunov, Konstantin"]
[WhiteFideId "22514805"]
[BlackFideId "4118510"]
[WhiteElo "2636"]
[BlackElo "2437"]
[Result "1-0"]
[Round "10"]
[TimeControl "180+2"]
[Date "2023.06.27"]
[WhiteClock "0:00:07"]
[BlackClock "0:00:01"]
[Board "83"]

1. e4 c5 2. Nf3 d6 3. d4 cxd4 4. Nxd4 Nf6 5. Nc3 a6 6. Bg5 e6 7. f4 Qb6 8. Qd2 Nc6 9. Nb3 Be7 10. O-O-O O-O 11. Qe1 Qc7 12. g4 Nxg4 13. Bxe7 Qxe7 14. Rg1 f5 15. h3 Nh6 16. Bd3 Nb4 17. e5 Nxd3+ 18. Rxd3 d5 19. Rdg3 Rf7 20. Rg5 Bd7 21. Qh4 Kh8 22. Nd4 b5 23. Nce2 Rc8 24. Ng3 Qc5 25. Rd1 b4 26. Nh5 Rg8 27. Nxg7 Rgxg7 28. Qxh6 Qe7 29. Rdg1 a5 30. Qh4 Qf8 31. Qh6 a4 32. h4 a3 33. b3 Rxg5 34. Qxf8+ Rxf8 35. hxg5 Rc8 36. Kd2 Kg7 37. Rh1 Rc3 38. Rh6 Rg3 39. Nxe6+ Bxe6 40. Rxe6 Rg2+ 41. Kd3 Rg3+ 42. Kd4 Rc3 43. Rb6 Rxc2 44. Rxb4 Rxa2 45. Kxd5 Rd2+ 46. Ke6 a2 47. Ra4 h5 48. Kxf5 h4 49. Ra7+ Kf8 50. Kf6 Ke8 51. g6 h3 52. g7 Rg2 53. Rxa2 Rxa2 54. g8=Q+ Kd7 55. Qe6+ Kc7 56. Qxh3 Rb2 57. Qc3+ 1-0


[Site "https://www.chess.com"]

[Event "Titled Tuesday Blitz June 27 Early 2023"]
[White "Itkis, Boris"]
[Black "Khoroshev, Nikita"]
[WhiteFideId "1209167"]
[BlackFideId "14200287"]
[WhiteElo "2435"]
[BlackElo "2633"]
[Result "0-1"]
[Round "10"]
[TimeControl "180+2"]
[Date "2023.06.27"]
[WhiteClock "0:00:02"]
[BlackClock "0:00:22"]
[Board "84"]

1. c4 Nf6 2. Nf3 g6 3. g3 Bg7 4. Bg2 O-O 5. d4 d6 6. O-O c6 7. b3 a5 8. a4 Na6 9. Bb2 Nb4 10. Nbd2 Bf5 11. Nh4 Bd7 12. e4 e5 13. dxe5 Ng4 14. Nhf3 Nxe5 15. Nxe5 Bxe5 16. Bxe5 dxe5 17. Nf3 f6 18. Qd6 Bg4 19. Qc5 Bxf3 20. Bxf3 Qd4 21. Qe7 Rf7 22. Qe6 Qc3 23. Bg4 h5 24. Bh3 Nc2 25. Rac1 Qb2 26. Qd6 Qd4 27. Qe6 Nb4 28. Rcd1 Nd3 29. Rd2 Qxe4 30. Bg2 Qd4 31. Rfd1 Nc5 32. Qh3 Qg4 33. Qxg4 hxg4 34. Rd6 Kg7 35. Be4 Nxe4 0-1


[Site "https://www.chess.com"]

[Event "Titled Tuesday Blitz June 27 Early 2023"]
[White "Ganiev, Roman"]
[Black "Andreev, Konstantin"]
[WhiteFideId "4131452"]
[BlackFideId "24239305"]
[WhiteElo "2586"]
[BlackElo "2431"]
[Result "1-0"]
[Round "10"]
[TimeControl "180+2"]
[Date "2023.06.27"]
[WhiteClock "0:01:01"]
[BlackClock "0:01:37"]
[Board "85"]

1. e4 c5 2. Nf3 e6 3. g3 Nc6 4. Bg2 Nf6 5. Qe2 e5 6. O-O Be7 7. c3 d6 8. Na3 O-O 9. d3 Be6 10. Nc4 h6 11. Ne3 g6 12. Nh4 Kg7 13. f4 exf4 14. gxf4 Nxe4 15. dxe4 Bxh4 16. f5 Bd7 17. Ng4 Bg5 18. f6+ Kh7 19. Bxg5 hxg5 20. Qf3 Rb8 21. Qh3+ Kg8 22. Nh6+ Kh7 23. Nf5+ Kg8 24. Ne7+ Qxe7 25. fxe7 Bxh3 26. exf8=Q+ Rxf8 27. Bxh3 Re8 28. Rad1 Rxe4 29. Rxd6 Re3 30. Bg2 Ne5 31. Rd8+ Kg7 32. h3 Re2 33. Rf2 Re1+ 34. Kh2 g4 35. Rdd2 Rb1 36. Rde2 f6 37. Bxb7 Nd3 38. Be4 c4 39. Bxd3 cxd3 40. Rd2 1-0


[Site "https://www.chess.com"]

[Event "Titled Tuesday Blitz June 27 Early 2023"]
[White "profedechess93"]
[Black "Herman, Daniel"]
[BlackFideId "30935008"]
[WhiteElo "2556"]
[BlackElo "2425"]
[Result "0-1"]
[Round "10"]
[TimeControl "180+2"]
[Date "2023.06.27"]
[WhiteClock "0:00:27"]
[BlackClock "0:02:03"]
[Board "86"]

1. e4 Nf6 2. e5 Nd5 3. Nc3 e6 4. Nf3 c5 5. Nxd5 exd5 6. d4 d6 7. Bf4 Nc6 8. dxc5 dxc5 9. Bb5 Qa5+ 10. c3 Qxb5 11. Qxd5 Be6 12. Qe4 Be7 13. O-O-O O-O 14. h4 Rad8 15. Ng5 Bxg5 16. hxg5 g6 17. Rd6 Bf5 18. Qe3 Qa4 0-1


[Site "https://www.chess.com"]

[Event "Titled Tuesday Blitz June 27 Early 2023"]
[White "Chor, Kevin"]
[Black "Glavina, Pablo"]
[WhiteFideId "2090740"]
[BlackFideId "100234"]
[WhiteElo "2531"]
[BlackElo "2379"]
[Result "1-0"]
[Round "10"]
[TimeControl "180+2"]
[Date "2023.06.27"]
[WhiteClock "0:00:04"]
[BlackClock "0:00:00"]
[Board "87"]

1. e4 e5 2. Nf3 Nc6 3. Bb5 a6 4. Ba4 Nf6 5. O-O Bc5 6. c3 b5 7. Bc2 d6 8. d3 O-O 9. Nbd2 h6 10. a4 Bg4 11. Re1 Ne7 12. Nf1 Ng6 13. h3 Bxf3 14. Qxf3 Re8 15. axb5 axb5 16. Rxa8 Qxa8 17. Bxh6 Qa2 18. Bc1 b4 19. cxb4 Bd4 20. Bg5 Nh7 21. Be3 Qxb2 22. Ba4 Rb8 23. Bd7 Qxb4 24. Rc1 c5 25. Ng3 Qa3 26. Rd1 Nf6 27. Bf5 Nh4 28. Qe2 Rb2 29. Qe1 Qa2 30. Bc8 Ng6 31. Nf5 Re2 32. Qf1 Bxe3 33. Nxe3 Nf4 34. Nf5 d5 35. Ng3 Rd2 36. Rb1 Nxd3 37. Rb8 Kh7 38. exd5 g6 39. Nh1 Ne4 40. f3 Ng5 41. d6 Nf4 42. Nf2 Rxf2 43. Qxf2 Nfxh3+ 44. Bxh3 Nxh3+ 45. gxh3 Qa1+ 46. Kg2 Qc3 47. d7 1-0


[Site "https://www.chess.com"]

[Event "Titled Tuesday Blitz June 27 Early 2023"]
[White "Romero Ruscalleda, Josep"]
[Black "slidingknight2775"]
[WhiteFideId "2231859"]
[WhiteElo "2369"]
[BlackElo "2529"]
[Result "1/2-1/2"]
[Round "10"]
[TimeControl "180+2"]
[Date "2023.06.27"]
[WhiteClock "0:00:43"]
[BlackClock "0:00:08"]
[Board "88"]

1. e4 g6 2. d4 Bg7 3. Nc3 d6 4. g3 Nf6 5. Bg2 O-O 6. Nge2 c5 7. O-O cxd4 8. Nxd4 Nc6 9. Be3 Bd7 10. Qd2 Nxd4 11. Bxd4 Bc6 12. Rfe1 Rc8 13. Rad1 a6 14. Nd5 Bxd5 15. exd5 Qc7 16. c3 Rfe8 17. Qf4 Nd7 18. Bxg7 Kxg7 19. h4 Nf6 20. Re2 Qc4 21. Qxc4 Rxc4 22. Rde1 Kf8 23. Re3 h5 24. b3 Rc7 25. c4 b5 26. Bf1 b4 27. Bd3 a5 28. f3 Nd7 29. Bc2 Nc5 30. Kf2 Kg7 31. g4 hxg4 32. fxg4 e5 33. dxe6 Rxe6 34. h5 gxh5 35. gxh5 Kh6 36. Bd1 Rce7 37. Rxe6+ fxe6 38. Rg1 Rg7 39. Rxg7 Kxg7 40. Bc2 Kh6 41. Bg6 a4 42. bxa4 Nxa4 43. Bf7 e5 44. Ke3 Nc3 45. Kd3 Nxa2 46. c5 Nc1+ 47. Kd2 dxc5 48. Kxc1 e4 49. Kd2 b3 50. Ke3 c4 51. Bxc4 Kxh5 52. Bxb3 Kg5 53. Bd5 Kf6 54. Bxe4 1/2-1/2


[Site "https://www.chess.com"]

[Event "Titled Tuesday Blitz June 27 Early 2023"]
[White "Liu, Casper"]
[Black "Dishman, Stephen"]
[WhiteFideId "1454153"]
[BlackFideId "403024"]
[WhiteElo "2521"]
[BlackElo "2374"]
[Result "0-1"]
[Round "10"]
[TimeControl "180+2"]
[Date "2023.06.27"]
[WhiteClock "0:01:03"]
[BlackClock "0:00:17"]
[Board "89"]

1. e4 d6 2. d4 Nf6 3. Bd3 e5 4. dxe5 dxe5 5. Nf3 Bd6 6. O-O O-O 7. b3 Bg4 8. h3 Bh5 9. Bb2 Nbd7 10. Nbd2 c6 11. Qe2 Qe7 12. Qe3 Bc5 13. Qg5 h6 14. Qg3 Rfe8 15. Nc4 Bxf3 16. Qxf3 b5 17. Ne3 g6 18. a4 a6 19. Qg3 Kh7 20. Kh1 Nh5 21. Qf3 Nf4 22. Ng4 Bd6 23. Kh2 h5 24. Ne3 Nc5 25. Rfd1 Ncxd3 26. cxd3 Ne6 27. Qg3 Qf6 28. Rf1 Qf4 29. Rac1 Rac8 30. axb5 axb5 31. Rc2 Rc7 32. Rfc1 Rec8 33. Bc3 Qxg3+ 34. Kxg3 Kg7 35. Ba5 Ra7 36. b4 Nd4 37. Rb2 Rxa5 38. bxa5 Ba3 39. Rcb1 Bxb2 40. Rxb2 Ra8 41. Ra2 Ra6 42. f4 exf4+ 43. Kxf4 Nb3 44. d4 Nxd4 45. Ke5 Nb3 46. Kd6 Rxa5 47. Rf2 Ra6 48. e5 Nd4 49. Kc5 Ne6+ 50. Kb4 Ra4+ 51. Kb3 c5 52. Nd5 c4+ 53. Kc3 Ra3+ 54. Kb2 Rb3+ 55. Kc2 Rd3 56. Nb4 Nd4+ 57. Kc1 Nb3+ 58. Kc2 Rg3 59. Nc6 Nc5 60. Nd8 b4 61. Rxf7+ Kg8 62. Rc7 b3+ 63. Kb2 c3+ 64. Ka3 Rxg2 65. Rxc5 b2 66. Ka2 Rg1 67. Rb5 c2 68. Kb3 c1=Q 69. Ka4 Qc2+ 70. Ka5 b1=Q 71. Kb6 Qxb5+ 72. Ka7 Ra1# 0-1


[Site "https://www.chess.com"]

[Event "Titled Tuesday Blitz June 27 Early 2023"]
[White "Nithyalakshmi, Sivanesan"]
[Black "Kuzmin, Roman"]
[WhiteFideId "5706955"]
[BlackFideId "44134932"]
[WhiteElo "2357"]
[BlackElo "2520"]
[Result "0-1"]
[Round "10"]
[TimeControl "180+2"]
[Date "2023.06.27"]
[WhiteClock "0:00:07"]
[BlackClock "0:01:11"]
[Board "90"]

1. e4 c5 2. Nc3 d6 3. f4 g6 4. Nf3 Bg7 5. Bc4 Nc6 6. d3 e6 7. O-O Nge7 8. Qe1 O-O 9. Qh4 d5 10. Bb3 c4 11. Ba4 dxe4 12. dxe4 a6 13. Bxc6 Nxc6 14. e5 Qxh4 15. Nxh4 b5 16. Ne4 Rd8 17. Nd6 Bf8 18. Rd1 f6 19. Be3 fxe5 20. Nxc8 Raxc8 21. fxe5 Nxe5 22. Bg5 Bc5+ 23. Kh1 Rf8 24. Rf1 Ng4 25. h3 Nf2+ 26. Kh2 Ne4 27. Bh6 Bd6+ 28. Kg1 Bc5+ 29. Kh2 Rf2 30. Rxf2 Bxf2 31. Nf3 Rd8 32. g4 c3 33. bxc3 Nxc3 34. Kg2 Rd1 35. Rxd1 Nxd1 36. Ng5 Be3 37. Kf3 Bc1 38. h4 Nc3 39. Ne4 Nxe4 40. Bxc1 Nc3 41. a3 Kf7 42. Bb2 Nd5 43. g5 Ke7 44. Ke4 Kd6 45. Bd4 Ne7 46. Bf2 Nf5 47. Be1 e5 48. Kd3 Kd5 49. Kc3 e4 50. Kb4 Nd4 51. Ka5 Nxc2 52. Bd2 Nxa3 53. Kxa6 Nc4 54. Bc1 b4 55. Kb5 b3 56. Kb4 b2 57. Bxb2 Nxb2 58. Kc3 Nd3 59. Kd2 Ne5 60. Ke3 Nc4+ 61. Kf4 Kd4 62. h5 Kd3 63. hxg6 hxg6 64. Kg3 e3 0-1


[Site "https://www.chess.com"]

[Event "Titled Tuesday Blitz June 27 Early 2023"]
[White "Mayaud, Raphael"]
[Black "Yelisieiev, Yevhenii"]
[WhiteFideId "627151"]
[BlackFideId "14139642"]
[WhiteElo "2352"]
[BlackElo "2513"]
[Result "1/2-1/2"]
[Round "10"]
[TimeControl "180+2"]
[Date "2023.06.27"]
[WhiteClock "0:00:08"]
[BlackClock "0:00:05"]
[Board "91"]

1. d4 d6 2. e4 Nf6 3. Nc3 e5 4. Nf3 Nbd7 5. h3 Be7 6. Be2 O-O 7. O-O c6 8. Be3 b5 9. a3 Bb7 10. dxe5 dxe5 11. Qd2 a5 12. Bd3 Qc7 13. Rad1 b4 14. axb4 axb4 15. Ne2 Nc5 16. Ng3 Rfd8 17. Bxc5 Bxc5 18. Nf5 Nxe4 19. Qe2 Nf6 20. Qxe5 Qxe5 21. Nxe5 g6 22. Nh6+ Kg7 23. Nhxf7 Re8 24. Kh2 Re7 25. Bc4 Ba6 26. Bxa6 Rxa6 27. f4 Rxf7 28. Nxf7 Kxf7 29. Rfe1 Nd5 30. Re4 Ra2 31. c4 bxc3 32. bxc3 Ne3 33. Rd7+ Kf6 34. Rc7 Ba7 35. Rxa7 Rxa7 36. Rxe3 Ra5 37. Kg3 h5 38. Rd3 Ra3 39. Rd6+ Kf5 40. Rxc6 Ra2 41. Kf3 h4 42. Rc5+ Kf6 43. Rc6+ Kf5 44. Rc5+ Kf6 45. g3 hxg3 46. Kxg3 Rd2 47. Rc6+ Kf5 48. Rc5+ Kf6 49. h4 Rd1 50. Kg4 Rg1+ 51. Kf3 Rh1 52. Rc6+ Kf5 53. Rc5+ Kf6 54. Kg4 Rg1+ 55. Kf3 Rh1 1/2-1/2


[Site "https://www.chess.com"]

[Event "Titled Tuesday Blitz June 27 Early 2023"]
[White "Gamayev, Oleg"]
[Black "Zuriel, Marisa"]
[WhiteFideId "2802813"]
[BlackFideId "109142"]
[WhiteElo "2504"]
[BlackElo "2314"]
[Result "1-0"]
[Round "10"]
[TimeControl "180+2"]
[Date "2023.06.27"]
[WhiteClock "0:02:23"]
[BlackClock "0:01:07"]
[Board "92"]

1. d3 g6 2. e4 Bg7 3. Nf3 c5 4. c3 Nc6 5. a4 d6 6. Be2 e5 7. h3 Nge7 8. O-O O-O 9. Re1 f5 10. Nbd2 f4 11. b4 cxb4 12. cxb4 h6 13. b5 Na5 14. Bb2 g5 15. d4 Ng6 16. Rc1 Be6 17. Nc4 Nxc4 18. Bxc4 Bxc4 19. Rxc4 Rc8 20. Rxc8 Qxc8 21. dxe5 dxe5 22. Nxe5 Nxe5 23. Bxe5 Bxe5 24. Qd5+ Rf7 25. Qxe5 Qc4 26. Qb8+ Kg7 27. Qxa7 Qc3 28. Rd1 Qb3 29. Qd4+ Kh7 30. Qd5 Qxd5 31. exd5 Rd7 32. a5 Kg6 33. d6 Kf6 34. Kf1 Ke6 35. Ke2 Rd8 36. d7 h5 37. Kf3 Kf5 38. g4+ fxg3 39. Kxg3 Ke6 40. h4 g4 41. Kf4 Kf6 42. a6 bxa6 43. bxa6 Ke7 44. a7 1-0


[Site "https://www.chess.com"]

[Event "Titled Tuesday Blitz June 27 Early 2023"]
[White "Erzhanov, Arman"]
[Black "Blokhin, Sofia"]
[WhiteFideId "4138821"]
[BlackFideId "4508190"]
[WhiteElo "2486"]
[BlackElo "2325"]
[Result "0-1"]
[Round "10"]
[TimeControl "180+2"]
[Date "2023.06.27"]
[WhiteClock "0:01:41"]
[BlackClock "0:00:31"]
[Board "93"]

1. e4 c5 2. Nf3 e6 3. b3 Nc6 4. Bb5 Nge7 5. Bb2 d5 6. exd5 exd5 7. O-O a6 8. Be2 d4 9. c3 d3 10. Re1 dxe2 11. Qxe2 Bg4 12. d4 cxd4 13. h3 Bxf3 14. Qxf3 Qd7 15. cxd4 O-O-O 16. Na3 Nd5 17. Rac1 Kb8 18. Nc4 Bb4 19. Re2 Rhe8 20. Rec2 Re6 21. a3 Be7 22. Qg3+ Ka7 23. Qxg7 Bf6 24. Qxh7 Bxd4 25. Rd1 Bxb2 26. Rxb2 Qe7 27. Qb1 Nc3 28. Qf5 Rxd1+ 29. Kh2 Qc7+ 30. g3 Ree1 31. Rc2 Rh1+ 32. Kg2 Rdg1+ 33. Kf3 Nd4+ 0-1


[Site "https://www.chess.com"]

[Event "Titled Tuesday Blitz June 27 Early 2023"]
[White "Rodriguez Santiago, Jaime"]
[Black "Czerw, Dawid"]
[WhiteFideId "3100898"]
[BlackFideId "1145746"]
[WhiteElo "2296"]
[BlackElo "2478"]
[Result "1-0"]
[Round "10"]
[TimeControl "180+2"]
[Date "2023.06.27"]
[WhiteClock "0:01:14"]
[BlackClock "0:02:30"]
[Board "94"]

1. c4 c5 2. Nc3 Nc6 3. g3 g6 4. Bg2 Bg7 5. e4 Nh6 6. Nge2 O-O 7. d3 d6 8. h3 f5 9. O-O Nf7 10. exf5 Bxf5 11. g4 Bd7 12. f4 e6 13. Be3 Rb8 14. a4 Nd4 15. Rb1 Bc6 16. b4 Bxg2 17. Kxg2 h5 18. Ng3 hxg4 19. hxg4 e5 20. f5 Ng5 21. Nd5 gxf5 22. gxf5 Bf6 23. Qh5 Nh7 24. Qg6+ Kh8 25. Rh1 Qd7 26. Nxf6 Rxf6 27. Qxf6+ Kg8 28. Qg6+ Kh8 29. Rxh7+ Qxh7 30. Rh1 Qxh1+ 31. Kxh1 1-0


[Site "https://www.chess.com"]